Construct Section Command Post
Selects Air and Sea Battlegroup
Construct Platoon Command Post
6-pounder Anti-tank Gun Team
6-pounder Anti-tank Gun Team
Unlock Bishop Self-propelled Artillery
Construct Company Command Post
Selects Centaur Medium Tank
Selects Naval Bombardment
6-pounder Anti-tank Gun Team
Selects Commando Section Paradrop
Selects Commando LMG Section Paradrop
Bishop Self-propelled Artillery